TOP OF THE 1ST |
Hartford Whalers batting - Pitching for Las Vegas Flamingos : RHP Melvin Haney
|
Pitching: RHP Melvin Haney
|
|
Batting: RHB Dave O'Day
|
0-0: Called Strike 0-1: Foul Ball, location: 2F 0-2: Ball 1-2: Ball 2-2: Foul Ball, location: 2F 2-2: Ball 3-2: SINGLE (Flyball, 89S)
|
Batting: RHB Javier Díaz
|
0-0: Foul Ball, location: 2F 0-1: Ball 1-1: Grounds into double play, 6-4-3 (Groundball, 6)
|
Batting: RHB Joe Craig
|
0-0: Ball 1-0: Ball 2-0: Called Strike 2-1: Swinging Strike 2-2: Ground out 1-3 (Groundball, 15)
|
Top of the 1st over - 0 run(s), 1 hit(s), 0 error(s), 0 left on base; Hartford 0 - Las Vegas 0 |
BOTTOM OF THE 1ST |
Las Vegas Flamingos batting - Pitching for Hartford Whalers : RHP Collin Hill
|
Pitching: RHP Collin Hill
|
|
Batting: RHB Sake van Arem
|
0-0: SINGLE (Groundball, 6M) (infield hit)
|
Batting: RHB Ángel López
|
0-0: Swinging Strike Pickoff Throw to First - Error! E1 Sake van Arem to second 0-1: Called Strike Sake van Arem is caught stealing 3rd base 0-2: Ball 1-2: Ball 2-2: Ground out 5-3 (Groundball, 56S)
|
Batting: LHB Victor Adams
|
0-0: Called Strike 0-1: Ball 1-1: Foul Ball, location: 2F 1-2: Strikes out swinging
|
Bottom of the 1st over - 0 run(s), 1 hit(s), 1 error(s), 0 left on base; Hartford 0 - Las Vegas 0 |
TOP OF THE 2ND |
Hartford Whalers batting - Pitching for Las Vegas Flamingos : RHP Melvin Haney
|
Batting: RHB Juan Tapia
|
0-0: Swinging Strike 0-1: Ball 1-1: Ball 2-1: Foul Ball, location: 2F 2-2: Ball 3-2: Base on Balls
|
Batting: RHB Fernando Camacho
|
0-0: Swinging Strike 0-1: Ball 1-1: Ball 2-1: Called Strike 2-2: Foul Ball, location: 2F 2-2: Grounds into double play, 4-6-3 (Groundball, 4)
|
Batting: RHB Michael Collins
|
0-0: Foul Ball, location: 2F 0-1: Ball 1-1: Foul Ball, location: 2F 1-2: Strikes out looking
|
Top of the 2nd over - 0 run(s), 0 hit(s), 0 error(s), 0 left on base; Hartford 0 - Las Vegas 0 |
BOTTOM OF THE 2ND |
Las Vegas Flamingos batting - Pitching for Hartford Whalers : RHP Collin Hill
|
Batting: RHB Jeff Young
|
0-0: Ball 1-0: Swinging Strike 1-1: Foul Ball, location: 2F 1-2: Ball 2-2: Ball 3-2: Foul Ball, location: 2F 3-2: Ground out 5-3 (Groundball, 56)
|
Batting: LHB Chris McKinney
|
0-0: Ball 1-0: Called Strike 1-1: Swinging Strike 1-2: SINGLE (Line Drive, 89S)
|
Batting: LHB Takahiro Harada
|
0-0: Ball 1-0: Called Strike 1-1: Ball 2-1: Swinging Strike 2-2: Strikes out swinging
|
Batting: RHB Steven Talley
|
0-0: Foul Ball, location: 2F 0-1: Swinging Strike 0-2: Ball 1-2: Ball 2-2: Foul Ball, location: 2F 2-2: Ball 3-2: Strikes out swinging
|
Bottom of the 2nd over - 0 run(s), 1 hit(s), 0 error(s), 1 left on base; Hartford 0 - Las Vegas 0 |
TOP OF THE 3RD |
Hartford Whalers batting - Pitching for Las Vegas Flamingos : RHP Melvin Haney
|
Batting: RHB Jared Smith
|
0-0: Called Strike 0-1: Called Strike 0-2: Ball 1-2: Ball 2-2: Ball 3-2: Strikes out looking
|
Batting: RHB Dave Farr
|
0-0: Swinging Strike 0-1: Called Strike 0-2: Ball 1-2: Foul Ball, location: 2F 1-2: Ball 2-2: Strikes out swinging
|
Batting: RHB Orlando Jiménez
|
0-0: Foul Ball, location: 2F 0-1: Ball 1-1: Foul Ball, location: 2F 1-2: Strikes out looking
|
Top of the 3rd over - 0 run(s), 0 hit(s), 0 error(s), 0 left on base; Hartford 0 - Las Vegas 0 |
BOTTOM OF THE 3RD |
Las Vegas Flamingos batting - Pitching for Hartford Whalers : RHP Collin Hill
|
Batting: LHB Sinclair van Kooten
|
0-0: Called Strike 0-1: Ball 1-1: Ball 2-1: Ball 3-1: Ground out 5-3 (Groundball, 5S)
|
Batting: RHB Pablo Lugo
|
0-0: Called Strike 0-1: Called Strike 0-2: Ball 1-2: Ball 2-2: Strikes out swinging, 2-3 out at first.
|
Batting: RHB Sake van Arem
|
0-0: Called Strike 0-1: Ball 1-1: Ball 2-1: DOUBLE (Flyball, 7LM)
|
Batting: RHB Ángel López
|
0-0: Swinging Strike 0-1: Swinging Strike 0-2: Foul Ball, location: 2F 0-2: Ball 1-2: Foul Ball, location: 2F 1-2: Ball 2-2: Strikes out swinging
|
Bottom of the 3rd over - 0 run(s), 1 hit(s), 0 error(s), 1 left on base; Hartford 0 - Las Vegas 0 |
TOP OF THE 4TH |
Hartford Whalers batting - Pitching for Las Vegas Flamingos : RHP Melvin Haney
|
Batting: RHB Dave O'Day
|
0-0: SINGLE (Groundball, 5D)
|
Batting: RHB Javier Díaz
|
0-0: Ball 1-0: Swinging Strike 1-1: Called Strike 1-2: Ball 2-2: Strikes out swinging
|
Batting: RHB Joe Craig
|
0-0: Ball 1-0: Ball 2-0: Called Strike 2-1: Ball 3-1: Foul Ball, location: 2F 3-2: Base on Balls Dave O'Day to second
|
Batting: RHB Juan Tapia
|
0-0: Called Strike 0-1: Grounds into double play, 4-6-3 (Groundball, 4)
|
Top of the 4th over - 0 run(s), 1 hit(s), 0 error(s), 1 left on base; Hartford 0 - Las Vegas 0 |
BOTTOM OF THE 4TH |
Las Vegas Flamingos batting - Pitching for Hartford Whalers : RHP Collin Hill
|
Batting: LHB Victor Adams
|
0-0: Hit by Pitch
|
Batting: RHB Jeff Young
|
0-0: Ball 1-0: Called Strike 1-1: Called Strike 1-2: Ball 2-2: Ball 3-2: SINGLE (Groundball, 4) Victor Adams to second Victor Adams to third
|
Batting: LHB Chris McKinney
|
0-0: Foul Ball, location: 2F 0-1: Foul Ball, location: 2F 0-2: Fly out, F6 (Popup, 5DF)
|
Batting: LHB Takahiro Harada
|
0-0: Grounds into double play, 3-6-3 (Groundball, 34)
|
Bottom of the 4th over - 0 run(s), 1 hit(s), 0 error(s), 1 left on base; Hartford 0 - Las Vegas 0 |
TOP OF THE 5TH |
Hartford Whalers batting - Pitching for Las Vegas Flamingos : RHP Melvin Haney
|
Batting: RHB Fernando Camacho
|
0-0: Called Strike 0-1: Ball 1-1: Ball 2-1: Foul Ball, location: 2F 2-2: Foul Ball, location: 2F 2-2: Strikes out swinging
|
Batting: RHB Michael Collins
|
0-0: Called Strike 0-1: Ball 1-1: Swinging Strike 1-2: Ground out 5-3 (Groundball, 5)
|
Batting: RHB Jared Smith
|
0-0: Ball 1-0: Ball 2-0: Foul Ball, location: 2F 2-1: Foul Ball, location: 2F 2-2: SINGLE (Groundball, 6MD)
|
Batting: RHB Dave Farr
|
0-0: Ball 1-0: Called Strike 1-1: Ball 2-1: Fly out, F3 (Popup, 3L)
|
Top of the 5th over - 0 run(s), 1 hit(s), 0 error(s), 1 left on base; Hartford 0 - Las Vegas 0 |
BOTTOM OF THE 5TH |
Las Vegas Flamingos batting - Pitching for Hartford Whalers : RHP Collin Hill
|
Batting: RHB Steven Talley
|
0-0: Ball 1-0: Called Strike 1-1: Ball 2-1: Foul Ball, location: 2F 2-2: Foul Ball, location: 2F 2-2: Fly out, F8 (Flyball, 8LD)
|
Batting: LHB Sinclair van Kooten
|
0-0: Foul Ball, location: 2F 0-1: Fly out, F8 (Line Drive, 8LM)
|
Batting: RHB Pablo Lugo
|
0-0: Ball 1-0: Ground out 3-1 (Groundball, 34)
|
Bottom of the 5th over - 0 run(s), 0 hit(s), 0 error(s), 0 left on base; Hartford 0 - Las Vegas 0 |
TOP OF THE 6TH |
Hartford Whalers batting - Pitching for Las Vegas Flamingos : RHP Melvin Haney
|
Batting: RHB Orlando Jiménez
|
0-0: DOUBLE (Flyball, 7LM)
|
Batting: RHB Dave O'Day
|
0-0: Bunt missed! 0-1: Sac Bunt - play at first, batter OUT! 1-4 Orlando Jiménez to third
|
Batting: RHB Javier Díaz
|
0-0: Ball 1-0: SINGLE (Groundball, 6) Orlando Jiménez scores
|
Batting: RHB Joe Craig
|
0-0: Foul Ball, location: 2F 0-1: Ball 1-1: Swinging Strike 1-2: Ball 2-2: Ball 3-2: 2-RUN HOME RUN (Flyball, 78XD), Distance : 439 ft
|
Batting: RHB Juan Tapia
|
0-0: Ball 1-0: Ball 2-0: Fly out, F5 (Line Drive, 5)
|
Batting: RHB Fernando Camacho
|
0-0: Ground out 5-3 (Groundball, 5)
|
Top of the 6th over - 3 run(s), 3 hit(s), 0 error(s), 0 left on base; Hartford 3 - Las Vegas 0 |
BOTTOM OF THE 6TH |
Las Vegas Flamingos batting - Pitching for Hartford Whalers : RHP Collin Hill
|
Batting: RHB Sake van Arem
|
0-0: Ground out 5-3 (Groundball, 56)
|
Batting: RHB Ángel López
|
0-0: Ball 1-0: Ball 2-0: Called Strike 2-1: Foul Ball, location: 2F 2-2: Ball 3-2: Base on Balls
|
Batting: LHB Victor Adams
|
0-0: Ball 1-0: Ball 2-0: Foul Ball, location: 2F 2-1: Ball 3-1: Swinging Strike 3-2: Strikes out looking Ángel López steals 2nd base Batter strikes out.
|
Batting: RHB Jeff Young
|
0-0: Called Strike 0-1: Foul Ball, location: 2F 0-2: Ball 1-2: Ball 2-2: Foul Ball, location: 2F 2-2: Ground out 4-3 (Groundball, 4)
|
Bottom of the 6th over - 0 run(s), 0 hit(s), 0 error(s), 1 left on base; Hartford 3 - Las Vegas 0 |
TOP OF THE 7TH |
Hartford Whalers batting - Pitching for Las Vegas Flamingos : RHP Melvin Haney
|
Batting: RHB Michael Collins
|
0-0: Foul Ball, location: 2F 0-1: Ball 1-1: Foul Ball, location: 2F 1-2: Strikes out swinging
|
Batting: RHB Jared Smith
|
0-0: Ball 1-0: Called Strike 1-1: SINGLE (Groundball, 6M)
|
Pitching: RHP Ron Yarbrough
|
|
Batting: RHB Dave Farr
|
0-0: Grounds into double play, 1-6-3 (Groundball, 23)
|
Top of the 7th over - 0 run(s), 1 hit(s), 0 error(s), 0 left on base; Hartford 3 - Las Vegas 0 |
BOTTOM OF THE 7TH |
Las Vegas Flamingos batting - Pitching for Hartford Whalers : RHP Collin Hill
|
Batting: LHB Chris McKinney
|
0-0: Foul Ball, location: 2F 0-1: Foul Ball, location: 2F 0-2: Ball 1-2: Strikes out swinging
|
Batting: LHB Takahiro Harada
|
0-0: Ball 1-0: Foul Ball, location: 2F 1-1: Foul Ball, location: 2F 1-2: Ground out 1-3 (Groundball, 15S)
|
Batting: RHB Steven Talley
|
0-0: Ball 1-0: Ball 2-0: SINGLE (Groundball, 4M)
|
Pitching: LHP Jason Hoskins
|
|
Batting: LHB Sinclair van Kooten
|
0-0: Ball 1-0: Foul Ball, location: 2F 1-1: Ball 2-1: Ground out 5-3 (Groundball, 5)
|
Bottom of the 7th over - 0 run(s), 1 hit(s), 0 error(s), 1 left on base; Hartford 3 - Las Vegas 0 |
TOP OF THE 8TH |
Hartford Whalers batting - Pitching for Las Vegas Flamingos : RHP Ron Yarbrough
|
Batting: RHB Orlando Jiménez
|
0-0: Ball 1-0: Ball 2-0: Ball 3-0: Base on Balls
|
Batting: RHB Dave O'Day
|
0-0: Ball Orlando Jiménez steals 2nd base 1-0: Ball 2-0: 2-RUN HOME RUN (Flyball, 7D), Distance : 404 ft
|
Pitching: RHP Roger Garrett
|
|
Batting: RHB Javier Díaz
|
0-0: Called Strike 0-1: Swinging Strike 0-2: Ball 1-2: Ball 2-2: Strikes out looking
|
Batting: RHB Joe Craig
|
0-0: Called Strike 0-1: Foul Ball, location: 2F 0-2: Fly out, F9 (Flyball, 9LM)
|
Batting: RHB Juan Tapia
|
0-0: Called Strike 0-1: Called Strike 0-2: Ball 1-2: Strikes out swinging
|
Top of the 8th over - 2 run(s), 1 hit(s), 0 error(s), 0 left on base; Hartford 5 - Las Vegas 0 |
BOTTOM OF THE 8TH |
Las Vegas Flamingos batting - Pitching for Hartford Whalers : LHP Jason Hoskins
|
Now at 2B: Brent Burgess
|
|
Batting: RHB Pablo Lugo
|
0-0: Ball 1-0: Called Strike 1-1: Ball 2-1: SINGLE (Line Drive, 4)
|
Batting: RHB Sake van Arem
|
0-0: Ball 1-0: Ball 2-0: Ball 3-0: Called Strike 3-1: Base on Balls Pablo Lugo to second
|
Batting: RHB Ángel López
|
0-0: Ball 1-0: Ball 2-0: Foul Ball, location: 2F 2-1: Ball 3-1: Foul Ball, location: 2F 3-2: Base on Balls Pablo Lugo to third Sake van Arem to second
|
Batting: LHB Victor Adams
|
0-0: Ball 1-0: Grounds into fielders choice 1-2 (Groundball, 23) Sake van Arem to third Ángel López to second
|
Pitching: RHP Johnny Allen
|
|
Batting: RHB Jeff Young
|
0-0: Foul Ball, location: 2F 0-1: Ball 1-1: Fly out, F8 (Flyball, 8LS)
|
Batting: LHB Chris McKinney
|
0-0: Reached on error, E4 (Groundball, 4) Sake van Arem scores Ángel López to third Victor Adams to second
|
Batting: LHB Takahiro Harada
|
0-0: Fly out, F9 (Flyball, 89M)
|
Bottom of the 8th over - 1 run(s), 1 hit(s), 1 error(s), 3 left on base; Hartford 5 - Las Vegas 1 |
TOP OF THE 9TH |
Hartford Whalers batting - Pitching for Las Vegas Flamingos : RHP Roger Garrett
|
Batting: RHB Fernando Camacho
|
0-0: Called Strike 0-1: Foul Ball, location: 2F 0-2: Strikes out swinging
|
Batting: RHB Michael Collins
|
0-0: Called Strike 0-1: Foul Ball, location: 2F 0-2: Ball 1-2: Ball 2-2: DOUBLE (Flyball, 8LXD)
|
Batting: RHB Jared Smith
|
0-0: Ball 1-0: Ball 2-0: Fly out, F7 (Flyball, 7D) Runner from 2nd tags up, SAFE at 3rd, no throw
|
Batting: RHB Dave Farr
|
0-0: Ball 1-0: Ball 2-0: Called Strike 2-1: Foul Ball, location: 2F 2-2: Ground out 6-3 (Groundball, 6)
|
Top of the 9th over - 0 run(s), 1 hit(s), 0 error(s), 1 left on base; Hartford 5 - Las Vegas 1 |
BOTTOM OF THE 9TH |
Las Vegas Flamingos batting - Pitching for Hartford Whalers : RHP Johnny Allen
|
Batting: RHB Steven Talley
|
0-0: Called Strike 0-1: Ball 1-1: Ball 2-1: Fly out, F8 (Flyball, 8LM)
|
Batting: LHB Sinclair van Kooten
|
0-0: SINGLE (Line Drive, 56D)
|
Batting: RHB Pablo Lugo
|
0-0: Called Strike 0-1: Ball 1-1: Called Strike 1-2: Foul Ball, location: 2F 1-2: SINGLE (Line Drive, 9S) Sinclair van Kooten to second
|
Pitching: RHP Ernest White
|
|
Batting: RHB Sake van Arem
|
0-0: SINGLE (Line Drive, 56) Sinclair van Kooten to third Pablo Lugo to second Runner from 3rd tries for Home, SAFE, throw made home Pablo Lugo to third Sake van Arem to second
|
Batting: RHB Ángel López
|
0-0: SINGLE (Line Drive, 7S) Pablo Lugo scores Sake van Arem to third Runner from 3rd tries for Home, SAFE, no throw or cutoff
|
Batting: LHB Victor Adams
|
0-0: Ball 1-0: Called Strike 1-1: Ball 2-1: Fielders Choice at 2nd, 3-6 (Groundball, 3)
|
Batting: RHB Jeff Young
|
0-0: Called Strike 0-1: Ball 1-1: Swinging Strike 1-2: Strikes out swinging
|
Bottom of the 9th over - 3 run(s), 4 hit(s), 0 error(s), 1 left on base; Hartford 5 - Las Vegas 4 |
|